 Dungeon Crawl Stone Soup version 0.21-a0-221-gfe971b9 (webtiles) character file.

139 nikopol the Chopper (level 5, -1/70 HPs)
             Began as a Minotaur Berserker on Aug 26, 2017.
             Was a Believer of Trog.
             Succumbed to Crazy Yiuf's poison
             ... on level 2 of the Dungeon on Aug 27, 2017.
             The game lasted 00:04:18 (1314 turns).

nikopol the Chopper (Minotaur Berserker)            Turns: 1314, Time: 00:04:19

Health: -1/70      AC:  8    Str: 27    XL:     5   Next: 1%
Magic:  4/4        EV: 11    Int:  4    God:    Trog [**....]
Gold:   160        SH:  0    Dex: 10    Spells: 4/4 levels left

rFire    . . .     SeeInvis .   a - +0 hand axe
rCold    . . .     Gourm    .   (no shield)
rNeg     . . .     Faith    .   s - +0 scale mail
rPois    .         Spirit   .   (helmet restricted)
rElec    .         Reflect  .   (no cloak)
rCorr    .         Harm     .   k - +0 pair of gloves
MR       .....                  (no boots)
Stlth    ..........             (no amulet)
HPRegen  0.21/turn              (no ring)
MPRegen  0.09/turn              (no ring)

@: berserking (expiring), lethally poisoned (-1 -> -13), hasted and slowed
A: retaliatory headbutt, horns 2
a: Berserk, Trog's Hand, Burn Spellbooks, Renounce Religion


You were on level 2 of the Dungeon.
You worshipped Trog.
Trog was pleased with you.
You were very hungry.

You visited 1 branch of the dungeon, and saw 2 of its levels.

You collected 160 gold pieces.

Inventory:

Hand Weapons
 a - a +0 hand axe (weapon)
Missiles
 o - 35 arrows
Armour
 b - a +0 animal skin
 g - a +0 ring mail
 k - a +0 pair of gloves (worn)
 s - a +0 scale mail (worn)
Jewellery
 m - a cursed amulet of inaccuracy {unknown}
Scrolls
 d - 2 scrolls of remove curse {unknown}
 h - a scroll of enchant armour {unknown}
 i - a scroll of enchant weapon {unknown}
 l - a scroll of identify {unknown}
 n - a scroll of amnesia {unknown}
 p - a scroll of recharging {unknown}
 q - a scroll of fear {unknown}
 r - 2 scrolls of teleportation {unknown}
Potions
 e - 5 potions of brilliance {unknown}
Comestibles
 c - a bread ration
 f - 3 chunks of flesh
 j - 3 meat rations


   Skills:
 + Level 4.7 Fighting
 + Level 5.1 Axes
 + Level 3.8 Armour
 + Level 2.5 Dodging


You had 4 spell levels left.
You didn't know any spells.

Dungeon Overview and Level Annotations

Branches:
Dungeon (2/15)

Altars:
Uskayaw
Wu Jian


Innate Abilities, Weirdness & Mutations

You reflexively headbutt those who attack you in melee.
You have a pair of horns on your head.


Message History

Something hits you but does no damage. Something hits you. Something burns you.
Something hits you but does no damage.
You feel yourself speed up. Something hits you!
You are electrocuted!
* * * LOW HITPOINT WARNING * * *
Something hits you!
* * * LOW HITPOINT WARNING * * *
You feel as though your hastened speed will last longer.
Something hits you!
* * * LOW HITPOINT WARNING * * *
Something hits you!
* * * LOW HITPOINT WARNING * * *
You feel yourself slow down.
You turn to flesh and can move again.
You closely miss something. You headbutt something! Trog accepts your kill.
Reactivating autopickup.
You have reached level 5!
You feel a bit more experienced.
You die...

#.......#
#.......##########
#######...........
###########. #####
#. #..)# #. #...#
###. #.).# ###
#... #@# #.# ##.#.
♣♣.♣ #.######..#.
♣.♣♣ #.........#.
♣♣.♣ ####.....)..
♣.♣♣ #......##
♣♣.♣♣ ########
♣.PP♣♣ ♣P.P.♣ ##
#+..'# #.


There were no monsters in sight!

Vanquished Creatures
  Crazy Yiuf (D:2)
  Jessica (D:2)
  3 adders (D:2)
  2 oozes
  2 worms (D:2)
  4 dart slugs
  A leopard gecko (D:2)
  A ball python (D:2)
  8 bats
  2 giant cockroaches
  2 goblins
  2 hobgoblins (D:2)
  6 kobolds
  2 rats
37 creatures vanquished.

Notes
Turn   | Place    | Note
-------+----------+-------------------------------------------
     0 | D:1      | nikopol the Minotaur Berserker began the quest for the Orb.
     0 | D:1      | Reached XP level 1. HP: 19/19 MP: 0/0
   258 | D:1      | Reached XP level 2. HP: 26/27 MP: 1/1
   268 | D:1      | Reached skill level 4 in Axes
   724 | D:2      | Reached XP level 3. HP: 22/33 MP: 2/2
   933 | D:2      | Reached ** piety under Trog
   952 | D:2      | Noticed Jessica
   956 | D:2      | Killed Jessica
   956 | D:2      | Reached XP level 4. HP: 36/41 MP: 3/3
   980 | D:2      | Found an ornate altar of the Wu Jian Council.
  1146 | D:2      | Reached skill level 5 in Axes
  1269 | D:2      | Found a hide-covered altar of Uskayaw.
  1291 | D:2      | Found a runed door.
  1295 | D:2      | Noticed Crazy Yiuf
  1311 | D:2      | HP: 3/61 [something (4)]
  1313 | D:2      | HP: 1/61 [something (3)]
  1314 | D:2      | Killed Crazy Yiuf
  1314 | D:2      | Reached XP level 5. HP: 1/47 MP: 4/4
  1314 | D:2      | Succumbed to Crazy Yiuf's poison

Vault maps used:
D:1:      dpeg_arrival_ternary
D:2:      nicolae_overflow_hidden_temple, old_standard_altar,
          minmay_hexomino_p4, uniq_jessica, uniq_crazy_yiuf_cottage

Skill      XL: |  1  2  3  4 |
---------------+-------------+-----
Fighting       | 4 |  4.7
Axes           | 4 5 |  5.1
Armour         | 3 |  3.8
Dodging        | |  2.5

Action                   |  1- 3 |  4- 6 || total
-------------------------+-------+-------++-------
Melee: Hand axe          |    57 |    36 ||    93
       Headbutt          |     3 |     7 ||    10
Invok: Berserk           |       |     1 ||     1
  Eat: Chunk             |       |     1 ||     1
Armor: Ring mail         |    27 |     2 ||    29
       Scale mail        |       |    16 ||    16
Dodge: Dodged            |    43 |    20 ||    63

Table legend:
 A = Spawn XP
 B = Non-spawn XP
 C = Spawn XP percentage of total XP
 D = Spawn monster count
 E = Non-spawn monster count
 F = Spawn count percentage of total count
 G = Total turns spent on level
                    A         B        C        D         E        F      G
               +---------+---------+-------+---------+---------+-------+---------
         Total |       6 |     193 |   3.0 |       3 |      34 |   8.1 |  1314
               +---------+---------+-------+---------+---------+-------+---------
           D:1 |       3 |      29 |   9.4 |       2 |      12 |  14.3 |   682
           D:2 |       3 |     164 |   1.8 |       1 |      22 |   4.3 |   632
               +---------+---------+-------+---------+---------+-------+---------
